[Event "Titled Tuesday Blitz July 25 Early 2023"]
[White "ATM622"]
[Black "Nakamura, Hikaru"]
[BlackFideId "2016192"]
[WhiteElo "2505"]
[BlackElo "3300"]
[Result "0-1"]
[Round "1"]
[TimeControl "180+2"]
[Date "2023.07.25"]
[WhiteClock "0:01:47"]
[BlackClock "0:01:37"]
[Board "1"]

1. d4 a6 2. c4 e6 3. g3 c5 4. d5 exd5 5. cxd5 b5 6. Bg2 d6 7. Nf3 Nf6 8. O-O Be7 9. a4 Bb7 10. axb5 axb5 11. Rxa8 Bxa8 12. Nh4 g6 13. e4 O-O 14. Bh6 Re8 15. Re1 Nbd7 16. f4 Bf8 17. Bxf8 Kxf8 18. Qd2 c4 19. Nc3 Qb6+ 20. Kh1 Nc5 21. Qd4 Nfd7 22. e5 Nd3 23. Qxb6 Nxb6 24. Re2 b4 25. Ne4 dxe5 26. Nf6 Rd8 27. fxe5 Nxd5 28. Nxh7+ Kg7 29. Ng5 c3 30. e6 cxb2 0-1


[Site "https://www.chess.com"]

[Event "Titled Tuesday Blitz July 25 Early 2023"]
[White "Vachier-Lagrave, Maxime"]
[Black "Kaplan, Avi Harrison"]
[WhiteFideId "623539"]
[BlackFideId "30934559"]
[WhiteElo "3127"]
[BlackElo "2505"]
[Result "1-0"]
[Round "1"]
[TimeControl "180+2"]
[Date "2023.07.25"]
[WhiteClock "0:00:13"]
[BlackClock "0:00:03"]
[Board "2"]

1. e3 c5 2. d4 Nf6 3. Nf3 g6 4. Be2 Bg7 5. O-O O-O 6. dxc5 Qa5 7. a3 Qxc5 8. b4 Qc7 9. Bb2 b6 10. c4 Bb7 11. Nc3 d6 12. Rc1 Nbd7 13. Nd5 Qd8 14. Nf4 Rc8 15. Qb3 Rc7 16. Rfd1 Qa8 17. Ne1 Rfc8 18. h4 Ne5 19. h5 g5 20. Nh3 h6 21. f4 gxf4 22. exf4 Ned7 23. Nf2 Nf8 24. Ng4 Nxg4 25. Bxg4 Ne6 26. Bxg7 Kxg7 27. Qc3+ Kg8 28. Qg3 Kf8 29. Bxe6 fxe6 30. Qg6 Be4 31. Qxe6 b5 32. Rd4 Rxc4 33. Rxe4 Rxc1 34. Qxe7+ Kg8 35. Qe6+ Kf8 36. Qxh6+ Kg8 37. Qg6+ Kf8 38. Qf6+ Kg8 39. Re7 Rxe1+ 40. Rxe1 Qd5 41. h6 Rc7 42. Re8+ Kh7 43. Rh8# 1-0


[Site "https://www.chess.com"]

[Event "Titled Tuesday Blitz July 25 Early 2023"]
[White "Padmini, Rout"]
[Black "So, Wesley"]
[WhiteFideId "5029295"]
[BlackFideId "5202213"]
[WhiteElo "2504"]
[BlackElo "3103"]
[Result "0-1"]
[Round "1"]
[TimeControl "180+2"]
[Date "2023.07.25"]
[WhiteClock "0:00:03"]
[BlackClock "0:00:14"]
[Board "3"]

1. Nf3 c5 2. g3 Nc6 3. Bg2 e5 4. O-O d5 5. c4 d4 6. d3 Bd6 7. e3 Nge7 8. exd4 cxd4 9. Nbd2 O-O 10. Ne4 Bc7 11. Bd2 f5 12. Nc5 Bd6 13. b4 a5 14. a3 Ng6 15. Ng5 Qe8 16. Bd5+ Kh8 17. Qh5 h6 18. Nge6 Nge7 19. Nxg7 Qxh5 20. Nxh5 Nxd5 21. cxd5 Ne7 22. Bxh6 Rf7 23. Ne6 Nxd5 24. Ng5 Rc7 25. Rac1 Nc3 26. Rc2 axb4 27. axb4 Bd7 28. Bg7+ Kg8 29. Re1 Ba4 30. Rb2 Rxg7 31. Nxg7 Kxg7 32. f4 exf4 33. Ne6+ Kf6 34. Nxf4 Bxf4 35. gxf4 Bc6 36. Kf2 Rh8 37. Kg3 Rg8+ 38. Kh3 Nd5 39. Rf2 Ne3 40. Rc1 Bg2+ 41. Rxg2 Nxg2 0-1


[Site "https://www.chess.com"]

[Event "Titled Tuesday Blitz July 25 Early 2023"]
[White "Dubov, Daniil"]
[Black "Shapiro, Viktor"]
[WhiteFideId "24126055"]
[BlackFideId "4175700"]
[WhiteElo "3096"]
[BlackElo "2504"]
[Result "1-0"]
[Round "1"]
[TimeControl "180+2"]
[Date "2023.07.25"]
[WhiteClock "0:01:37"]
[BlackClock "0:00:22"]
[Board "4"]

1. c4 Nf6 2. Nc3 c5 3. Nf3 Nc6 4. e3 d6 5. d4 g6 6. d5 Na5 7. e4 Bg7 8. Be2 O-O 9. h3 a6 10. O-O b5 11. cxb5 axb5 12. Bxb5 Ba6 13. a4 Nd7 14. Re1 c4 15. Be3 Nb3 16. Rb1 Bxb5 17. axb5 Ndc5 18. Nd4 Nxd4 19. Bxd4 Nb3 20. Bxg7 Kxg7 21. e5 Qb6 22. Qg4 Ra7 23. Rbd1 f5 24. Qxc4 Nc5 25. Qd4 Kg8 26. Ra1 Rxa1 27. Rxa1 Qb8 28. exd6 Qxd6 29. Re1 Rd8 30. b4 Nb7 31. Qh4 Qf6 32. Qxf6 exf6 33. Re6 Kf7 34. b6 Nd6 35. Kf1 Rd7 36. Ke2 Nc4 37. Kd3 Ne5+ 38. Kd4 f4 39. Ne4 f3 40. Rxf6+ Kg7 41. gxf3 Nf7 42. Rc6 1-0


[Site "https://www.chess.com"]

[Event "Titled Tuesday Blitz July 25 Early 2023"]
[White "NigelDwarf"]
[Black "Giri, Anish"]
[BlackFideId "24116068"]
[WhiteElo "2504"]
[BlackElo "3075"]
[Result "0-1"]
[Round "1"]
[TimeControl "180+2"]
[Date "2023.07.25"]
[WhiteClock "0:00:01"]
[BlackClock "0:00:20"]
[Board "5"]

1. Nf3 Nf6 2. c4 e6 3. Nc3 d5 4. e3 Bd6 5. b3 O-O 6. Be2 b6 7. cxd5 exd5 8. Bb2 Bb7 9. O-O Re8 10. Qc2 a6 11. d4 Nbd7 12. Rfd1 Qe7 13. a4 Rac8 14. a5 b5 15. h3 g6 16. Bf1 Ne4 17. Bd3 f5 18. Rac1 Rf8 19. Ne2 c6 20. Re1 Rce8 21. Nf4 g5 22. Ne2 Rf6 23. Bxe4 fxe4 24. Ne5 Nxe5 25. dxe5 Bxe5 26. Ng3 Ref8 27. Re2 Bc8 28. Nh5 Rh6 29. g4 Rf3 30. Kg2 Rxh5 31. Qxc6 Bxb2 32. Rxb2 Bb7 33. Qb6 Rhxh3 0-1


[Site "https://www.chess.com"]

[Event "Titled Tuesday Blitz July 25 Early 2023"]
[White "Sarana, Alexey"]
[Black "Khamdamova, Afruza"]
[WhiteFideId "24133795"]
[BlackFideId "14210444"]
[WhiteElo "3054"]
[BlackElo "2503"]
[Result "1-0"]
[Round "1"]
[TimeControl "180+2"]
[Date "2023.07.25"]
[WhiteClock "0:01:53"]
[BlackClock "0:00:05"]
[Board "6"]

1. d4 Nf6 2. c4 e6 3. Nf3 d5 4. Nc3 Be7 5. g3 O-O 6. Bg2 dxc4 7. Ne5 c5 8. dxc5 Bxc5 9. O-O a6 10. Nxc4 Nc6 11. Bf4 Qe7 12. Bd6 Bxd6 13. Qxd6 Qxd6 14. Nxd6 Rb8 15. Rfd1 e5 16. Bxc6 bxc6 17. b3 Be6 18. Na4 Rfd8 19. Nc5 Bd5 20. Nf5 a5 21. f3 e4 22. Kf2 exf3 23. exf3 Re8 24. Rac1 g6 25. Nd4 Re7 26. Nd3 Rbe8 27. Nf4 Kg7 28. Rd2 g5 29. Nf5+ Kf8 30. Nxe7 gxf4 31. Nxd5 fxg3+ 32. hxg3 cxd5 33. Rc5 Ra8 34. Rd4 Ke7 35. Ra4 Kd6 36. Raxa5 Re8 37. Rc2 d4 38. Ra6+ Ke7 39. Re2+ 1-0


[Site "https://www.chess.com"]

[Event "Titled Tuesday Blitz July 25 Early 2023"]
[White "Ginzburg, Yakov"]
[Black "Bluebaum, Matthias"]
[WhiteFideId "4157176"]
[BlackFideId "24651516"]
[WhiteElo "2503"]
[BlackElo "3045"]
[Result "0-1"]
[Round "1"]
[TimeControl "180+2"]
[Date "2023.07.25"]
[WhiteClock "0:00:04"]
[BlackClock "0:01:22"]
[Board "7"]

1. e4 e6 2. d4 d5 3. e5 c5 4. Qg4 Nc6 5. Nf3 h5 6. Qg3 Nge7 7. dxc5 Nf5 8. Qh3 Bxc5 9. g4 Nfd4 10. Nxd4 Bxd4 11. f4 f6 12. c3 Bb6 13. exf6 Qxf6 14. g5 Qf7 15. Qg3 e5 16. Be2 h4 17. Qf3 e4 18. Qg2 Bf5 19. Nd2 d4 20. Nc4 O-O-O 21. Bg4 Bc7 22. Qxe4 Bxg4 23. O-O Qxc4 0-1


[Site "https://www.chess.com"]

[Event "Titled Tuesday Blitz July 25 Early 2023"]
[White "Andreikin, Dmitry"]
[Black "Karamsetty, Jeevan"]
[WhiteFideId "4158814"]
[BlackFideId "2025337"]
[WhiteElo "3038"]
[BlackElo "2503"]
[Result "1-0"]
[Round "1"]
[TimeControl "180+2"]
[Date "2023.07.25"]
[WhiteClock "0:00:06"]
[BlackClock "0:00:04"]
[Board "8"]

1. d4 d6 2. e4 Nf6 3. Nc3 e5 4. Nf3 Nbd7 5. Bc4 Be7 6. g4 exd4 7. Qxd4 O-O 8. g5 Ng4 9. Bf4 Nde5 10. Be2 Nxf3+ 11. Bxf3 Bxg5 12. Bxg5 Qxg5 13. Bxg4 Bxg4 14. Rg1 Qh4 15. Nd5 c5 16. Qe3 Rae8 17. h3 Bh5 18. Kd2 Rxe4 19. Qxe4 Qxf2+ 20. Kc3 Bg6 21. Ne7+ Kh8 22. Nxg6+ hxg6 23. Raf1 Qh2 24. b3 b5 25. Kb2 d5 26. Qxd5 Qc7 27. Rxg6 c4 28. Rg4 c3+ 29. Kb1 Qe7 30. Qh5+ Kg8 31. Rh4 f6 32. Qh7+ Kf7 33. Rg4 Qa3 34. Qxg7+ Ke8 35. Re4+ Kd8 36. Rd1+ Kc8 37. Qd7+ Kb8 38. Qxb5+ Ka8 39. Qc6+ Kb8 40. Qd6+ 1-0


[Site "https://www.chess.com"]

[Event "Titled Tuesday Blitz July 25 Early 2023"]
[White "Koc, Przemyslaw"]
[Black "Bortnyk, Olexandr"]
[WhiteFideId "1109081"]
[BlackFideId "14120828"]
[WhiteElo "2501"]
[BlackElo "3038"]
[Result "0-1"]
[Round "1"]
[TimeControl "180+2"]
[Date "2023.07.25"]
[WhiteClock "0:00:40"]
[BlackClock "0:02:03"]
[Board "9"]

1. d4 d6 2. e4 Nf6 3. Nc3 Nbd7 4. Nf3 e5 5. Bc4 Be7 6. O-O c6 7. a4 Qc7 8. Re1 h6 9. b3 g5 10. Ba3 Nf8 11. dxe5 dxe5 12. Bxe7 Qxe7 13. Ne2 Bg4 14. Ng3 Rd8 15. Qe2 Ng6 16. Nf5 Qc5 17. h3 Nf4 18. Qe3 Qxe3 19. Rxe3 Bxf3 20. gxf3 Nxh3+ 21. Kh2 Nf4 22. Ng7+ Kf8 23. Nf5 Rd2 0-1


[Site "https://www.chess.com"]

[Event "Titled Tuesday Blitz July 25 Early 2023"]
[White "Shimanov, Aleksandr"]
[Black "Roberson, Peter T"]
[WhiteFideId "4198603"]
[BlackFideId "412384"]
[WhiteElo "3010"]
[BlackElo "2500"]
[Result "1-0"]
[Round "1"]
[TimeControl "180+2"]
[Date "2023.07.25"]
[WhiteClock "0:01:48"]
[BlackClock "0:00:01"]
[Board "10"]

1. e4 e6 2. d4 d5 3. Nc3 Bb4 4. e5 c5 5. Bd2 Ne7 6. a3 Bxc3 7. Bxc3 b6 8. h4 Ba6 9. Bxa6 Nxa6 10. h5 h6 11. Qe2 cxd4 12. Bxd4 Nc5 13. O-O-O Rc8 14. g4 Nc6 15. Nf3 Nb3+ 16. Kb1 Nbxd4 17. Nxd4 Nxd4 18. Rxd4 O-O 19. f4 Rc5 20. Rg1 Qc7 21. g5 Rc8 22. c3 hxg5 23. Rxg5 Kh8 24. f5 exf5 25. Rxf5 Rxc3 26. bxc3 Qxc3 27. Qb2 Qh3 28. Rf2 Qh1+ 29. Ka2 1-0


[Site "https://www.chess.com"]

[Event "Titled Tuesday Blitz July 25 Early 2023"]
[White "Rodriguez Fontecha, Marcos"]
[Black "Duda, Jan-Krzysztof"]
[WhiteFideId "2256576"]
[BlackFideId "1170546"]
[WhiteElo "2500"]
[BlackElo "3006"]
[Result "0-1"]
[Round "1"]
[TimeControl "180+2"]
[Date "2023.07.25"]
[WhiteClock "0:00:09"]
[BlackClock "0:00:19"]
[Board "11"]

1. e4 c6 2. d4 d5 3. Nc3 dxe4 4. Nxe4 Bf5 5. Ng3 Bg6 6. Bc4 Nf6 7. c3 Nbd7 8. Nf3 e6 9. Qe2 Nh5 10. O-O Be7 11. Re1 Nxg3 12. hxg3 O-O 13. Bf4 Re8 14. Rad1 Qa5 15. Bb3 h6 16. Ne5 Nxe5 17. Bxe5 Bf5 18. Bf4 Bf8 19. Qc4 Qd5 20. Qe2 Qa5 21. Qc4 Bg6 22. Re5 Qb6 23. Ree1 a5 24. Qe2 a4 25. Bc4 Rad8 26. Bd3 Bxd3 27. Rxd3 c5 28. Red1 c4 29. Re3 a3 30. bxa3 Qc6 31. Re5 Bxa3 32. d5 exd5 33. Rxe8+ Rxe8 34. Qf3 Re4 35. Be3 Qe6 36. Bd4 b6 37. Rb1 Bc5 38. Bxc5 bxc5 39. Rb8+ Kh7 40. Rf8 d4 41. cxd4 cxd4 42. Rxf7 d3 43. Rf8 Qd5 44. Kh2 d2 45. Re8 d1=Q 46. Qxe4+ Qxe4 47. Rxe4 c3 48. Rh4 c2 0-1


[Site "https://www.chess.com"]

[Event "Titled Tuesday Blitz July 25 Early 2023"]
[White "Kevlishvili, Robby"]
[Black "Kuznetsova, Olga"]
[WhiteFideId "1040634"]
[BlackFideId "4191323"]
[WhiteElo "3004"]
[BlackElo "2500"]
[Result "1-0"]
[Round "1"]
[TimeControl "180+2"]
[Date "2023.07.25"]
[WhiteClock "0:01:16"]
[BlackClock "0:00:01"]
[Board "12"]

1. d4 Nf6 2. c4 e6 3. Nf3 d5 4. Nc3 Be7 5. Bg5 O-O 6. e3 Ne4 7. Bxe7 Qxe7 8. Rc1 c6 9. Be2 f5 10. O-O Nd7 11. a3 a5 12. Ne1 Qg5 13. Nd3 Qh6 14. b4 axb4 15. axb4 dxc4 16. Ne5 Nd6 17. Nxc4 Nxc4 18. Bxc4 Nb6 19. Bb3 Kh8 20. Ne2 Nd5 21. Bxd5 exd5 22. Nf4 g5 23. Nd3 f4 24. Ne5 Bf5 25. b5 cxb5 26. Qb3 Be4 27. f3 Bg6 28. exf4 Rxf4 29. Qxd5 Qg7 30. Rc5 b4 31. Rb5 Bd3 32. Nxd3 Rxd4 33. Qb3 Rad8 34. Nf2 Rd2 35. Rxb4 Qc7 36. Rxb7 Qc5 37. Rb5 Qa7 38. Qc3+ Kg8 39. Qc5 Qxc5 40. Rxc5 h6 41. h3 Ra2 42. Ne4 Rb8 43. Rf2 1-0


[Site "https://www.chess.com"]

[Event "Titled Tuesday Blitz July 25 Early 2023"]
[White "luksona14"]
[Black "Pranav, V"]
[BlackFideId "25060783"]
[WhiteElo "2500"]
[BlackElo "3003"]
[Result "0-1"]
[Round "1"]
[TimeControl "180+2"]
[Date "2023.07.25"]
[WhiteClock "0:01:45"]
[BlackClock "0:00:36"]
[Board "13"]

1. e4 e5 2. Nf3 Nc6 3. Bc4 Nf6 4. Nc3 Be7 5. O-O O-O 6. d4 exd4 7. Nxd4 d6 8. f3 Ne5 9. Bb3 a6 10. a4 Rb8 11. a5 c5 12. Nde2 c4 13. Ba2 Qxa5 14. Be3 Qc7 15. h3 b5 16. f4 Nc6 17. Nd5 Nxd5 18. exd5 Nb4 19. c3 Nxa2 20. Rxa2 Re8 21. Nd4 Bf8 22. Qf3 Bb7 23. Nc6 Rbc8 24. Rfa1 Qd7 25. Bd4 Qf5 26. Rf1 Qe4 27. Qxe4 Rxe4 28. Nb4 g6 29. f5 Bg7 30. f6 Bh6 31. Nxa6 Bxd5 32. Nb4 Be6 33. Ra7 Be3+ 34. Bxe3 Rxe3 35. Rf2 h5 36. Rb7 Rc5 37. Rb6 Re1+ 38. Kh2 Rd1 39. Na6 Rf5 40. Rxf5 Bxf5 41. Rxb5 h4 42. Rb8+ Kh7 43. Nc7 g5 44. Rf8 Kg6 45. Ne8 Be4 46. Rg8+ Kf5 47. g4+ Kf4 0-1


[Site "https://www.chess.com"]

[Event "Titled Tuesday Blitz July 25 Early 2023"]
[White "Xiong, Jeffery"]
[Black "Yurtseven, Melih"]
[WhiteFideId "2047640"]
[BlackFideId "6312160"]
[WhiteElo "3002"]
[BlackElo "2499"]
[Result "0-1"]
[Round "1"]
[TimeControl "180+2"]
[Date "2023.07.25"]
[WhiteClock "0:00:14"]
[BlackClock "0:00:49"]
[Board "14"]

1. e4 e5 2. Nf3 Nf6 3. Nc3 Nc6 4. d4 exd4 5. Nxd4 Bb4 6. Nxc6 bxc6 7. Bd3 d5 8. exd5 O-O 9. O-O cxd5 10. h3 Rb8 11. Qf3 Rb6 12. a3 Be7 13. Na4 Re6 14. b4 Ne4 15. Rd1 Rf6 16. Qe3 Nxf2 17. Re1 Nxd3 18. cxd3 Bd6 19. Bb2 Rg6 20. Re2 Rg3 21. Qxa7 Bxh3 22. Rf1 Qg5 23. Rff2 Rxd3 24. Nc3 Bg4 25. Rc2 Qh4 0-1


[Site "https://www.chess.com"]

[Event "Titled Tuesday Blitz July 25 Early 2023"]
[White "Chitlange Sakshi"]
[Black "Matlakov, Maxim"]
[WhiteFideId "35002899"]
[BlackFideId "4168003"]
[WhiteElo "2498"]
[BlackElo "2989"]
[Result "0-1"]
[Round "1"]
[TimeControl "180+2"]
[Date "2023.07.25"]
[WhiteClock "0:00:15"]
[BlackClock "0:01:45"]
[Board "15"]

1. d4 d5 2. c4 c6 3. Nf3 Nf6 4. Nc3 dxc4 5. a4 Bf5 6. e3 e6 7. Bxc4 Bb4 8. O-O O-O 9. Qe2 Ne4 10. Nxe4 Bxe4 11. Rd1 Nd7 12. Bd2 Qe7 13. Rac1 Rfd8 14. h3 h6 15. Bb3 Bxf3 16. Qxf3 Bxd2 17. Rxd2 Qb4 18. Qd1 Nf6 19. Rc4 Qa5 20. Qe2 Rd7 21. Rc5 Qb6 22. Bc2 Rad8 23. Rd1 Rd5 24. Rc3 g6 25. Rb3 Qc7 26. Qf3 Kg7 27. Rc1 h5 28. Bd3 R5d7 29. Bc4 e5 30. dxe5 Qxe5 31. Bf1 Ne4 32. Rb4 f5 33. g3 a5 34. Rb6 Qc7 35. Rb5 Rd2 36. Be2 Ng5 37. Qf4 Nxh3+ 0-1


[Site "https://www.chess.com"]

[Event "Titled Tuesday Blitz July 25 Early 2023"]
[White "Kramnik, Vladimir"]
[Black "Luukkonen, Tommi"]
[WhiteFideId "4101588"]
[BlackFideId "501808"]
[WhiteElo "2987"]
[BlackElo "2497"]
[Result "1-0"]
[Round "1"]
[TimeControl "180+2"]
[Date "2023.07.25"]
[WhiteClock "0:01:05"]
[BlackClock "0:01:41"]
[Board "16"]

1. c4 e5 2. d3 Nf6 3. Nf3 d6 4. Nc3 Be7 5. g3 O-O 6. Bg2 c6 7. O-O Re8 8. h3 Bf8 9. e4 a5 10. d4 Na6 11. dxe5 dxe5 12. Qxd8 Rxd8 13. Nxe5 Re8 14. f4 Bc5+ 15. Kh2 Bd4 16. Na4 Bxe5 17. fxe5 Nd7 18. Bf4 Nb4 19. Rfd1 h6 20. g4 Nf8 21. Nb6 Ra6 22. Nxc8 Rxc8 23. Rd2 Rb6 24. c5 Rb5 25. Be3 a4 26. Bf1 Ra5 27. Bc4 Ne6 28. Rf1 1-0


[Site "https://www.chess.com"]

[Event "Titled Tuesday Blitz July 25 Early 2023"]
[White "Mei, Austin"]
[Black "Svane, Rasmus"]
[WhiteFideId "30948479"]
[BlackFideId "4657101"]
[WhiteElo "2494"]
[BlackElo "2983"]
[Result "1/2-1/2"]
[Round "1"]
[TimeControl "180+2"]
[Date "2023.07.25"]
[WhiteClock "0:00:09"]
[BlackClock "0:00:05"]
[Board "17"]

1. e4 c6 2. d4 d5 3. f3 e6 4. Nc3 Nd7 5. Be3 Bb4 6. Ne2 dxe4 7. fxe4 e5 8. a3 Bxc3+ 9. Nxc3 Ngf6 10. dxe5 Nxe5 11. Qxd8+ Kxd8 12. O-O-O+ Kc7 13. Bf4 Re8 14. Bc4 Bg4 15. Bxf7 Re7 16. Rd2 Rf8 17. Bb3 Nh5 18. Bg5 Ree8 19. h3 Be6 20. Rhd1 Bxb3 21. cxb3 Nf4 22. Kc2 h6 23. Bh4 Rf7 24. Bf2 b6 25. Bd4 Neg6 26. b4 Ne6 27. Be3 Ne5 28. Kb3 g5 29. b5 c5 30. Nd5+ Kc8 31. a4 Ng6 32. a5 bxa5 33. Ra1 Nef4 34. Nc3 Rc7 35. Rxa5 Re6 36. Kc2 Nh5 37. Ra6 Rxa6 38. bxa6 Rc6 39. Rd5 Rxa6 40. Rxc5+ Kd7 41. Rd5+ Ke6 42. Nb5 Rc6+ 43. Kd3 Ke7 44. Bc5+ Ke8 45. Nd6+ Kd7 46. Nf5+ Ke8 47. Kd4 Nhf4 48. Rd6 Ne6+ 49. Kd5 Rxc5+ 50. Kxe6 Nf4+ 51. Kf6 Nh5+ 52. Ke6 Nf4+ 53. Kf6 Nh5+ 54. Ke6 Nf4+ 1/2-1/2


[Site "https://www.chess.com"]

[Event "Titled Tuesday Blitz July 25 Early 2023"]
[White "Martinez Alcantara, Jose Eduardo"]
[Black "Ronka, Erik"]
[WhiteFideId "3805662"]
[BlackFideId "505080"]
[WhiteElo "2981"]
[BlackElo "2489"]
[Result "1-0"]
[Round "1"]
[TimeControl "180+2"]
[Date "2023.07.25"]
[WhiteClock "0:01:24"]
[BlackClock "0:01:05"]
[Board "18"]

1. e4 c5 2. Nf3 d6 3. c3 Nf6 4. h3 Nc6 5. Bd3 e5 6. Bc2 Be7 7. d4 O-O 8. dxc5 dxc5 9. Qe2 h6 10. O-O Be6 11. Nbd2 Qc7 12. Re1 a6 13. Nf1 b5 14. Ne3 c4 15. Nh2 Rfe8 16. Qf3 Rad8 17. Nhg4 Nxg4 18. hxg4 Nd4 19. cxd4 exd4 20. Nf5 Bxf5 21. gxf5 d3 22. Bf4 Qa5 23. Bxd3 Rxd3 24. Qg4 Bc5 25. Bxh6 Bf8 26. Bxg7 1-0


[Site "https://www.chess.com"]

[Event "Titled Tuesday Blitz July 25 Early 2023"]
[White "Khater, Sherif"]
[Black "Movahed, Sina"]
[WhiteFideId "2034280"]
[BlackFideId "42520835"]
[WhiteElo "2488"]
[BlackElo "2973"]
[Result "0-1"]
[Round "1"]
[TimeControl "180+2"]
[Date "2023.07.25"]
[WhiteClock "0:01:51"]
[BlackClock "0:02:12"]
[Board "19"]

1. Nf3 Nf6 2. b3 c5 3. Bb2 d6 4. e3 Nc6 5. d4 cxd4 6. Nxd4 Bd7 7. Be2 g6 8. O-O Bg7 9. Nd2 O-O 10. Rb1 a5 11. a4 Rc8 12. Bb5 Nxd4 13. Bxd4 Bxb5 14. axb5 Qd7 15. Nc4 Qxb5 16. Nb6 Rc6 17. Na4 Qf5 18. c4 b5 19. cxb5 Qxb5 20. Qd2 Rfc8 21. h3 h5 22. Qa2 Nd5 23. Bxg7 Kxg7 24. Qa1+ Kg8 25. e4 Nf4 26. Qa3 Qg5 27. g3 h4 28. g4 Nxh3+ 29. Kh2 Qf4+ 30. Kxh3 Rc3+ 31. Nxc3 Rxc3+ 32. Kg2 Qxg4+ 0-1


[Site "https://www.chess.com"]

[Event "Titled Tuesday Blitz July 25 Early 2023"]
[White "Perske, Thore"]
[Black "Indjic, Aleksandar"]
[WhiteFideId "12902195"]
[BlackFideId "911925"]
[WhiteElo "2487"]
[BlackElo "2969"]
[Result "0-1"]
[Round "1"]
[TimeControl "180+2"]
[Date "2023.07.25"]
[WhiteClock "0:02:21"]
[BlackClock "0:02:41"]
[Board "21"]

1. d4 Nf6 2. g3 c5 3. dxc5 e6 4. Bg2 Bxc5 5. Nf3 d5 6. O-O b5 7. a4 b4 8. c4 bxc3 9. bxc3 Ba6 10. Re1 Nbd7 11. Nd4 O-O 12. Nd2 e5 13. N4b3 Bxf2+ 14. Kxf2 Ng4+ 15. Kf1 Ne3+ 0-1


[Site "https://www.chess.com"]

[Event "Titled Tuesday Blitz July 25 Early 2023"]
[White "Bok, Benjamin"]
[Black "MateoReyes"]
[WhiteFideId "1017063"]
[WhiteElo "2959"]
[BlackElo "2486"]
[Result "1-0"]
[Round "1"]
[TimeControl "180+2"]
[Date "2023.07.25"]
[WhiteClock "0:00:22"]
[BlackClock "0:00:15"]
[Board "22"]

1. d4 Nf6 2. c4 g6 3. g3 Bg7 4. Bg2 O-O 5. Nc3 d6 6. Nf3 Nbd7 7. O-O c6 8. e4 e5 9. Be3 Ng4 10. Bg5 f6 11. Bd2 Nh6 12. Qc2 Nf7 13. Rad1 Qe7 14. Rfe1 Nb6 15. b3 Bg4 16. Be3 exd4 17. Bxd4 Ne5 18. Qe2 Qe6 19. Rd2 Nbd7 20. Be3 Nf7 21. Nd4 Bxe2 22. Nxe6 Bg4 23. Nxf8 Kxf8 24. h3 Be6 25. Red1 a5 26. f4 h5 27. Kh2 Ke7 28. Na4 b5 29. cxb5 cxb5 30. Nc3 b4 31. Nb5 Rc8 32. Nxd6 Nxd6 33. Rxd6 Rc3 34. R6d3 Rc2 35. R1d2 Rc7 36. h4 Bg4 37. Bh3 Nc5 38. Bxc5+ Rxc5 39. Bxg4 hxg4 40. Rd7+ Kf8 41. Rd8+ Kf7 42. R2d7+ Ke6 43. Rxg7 Rc2+ 44. Kg1 Rc1+ 45. Kf2 Rc2+ 46. Ke3 Rc3+ 47. Rd3 1-0


[Site "https://www.chess.com"]

[Event "Titled Tuesday Blitz July 25 Early 2023"]
[White "marik_spb"]
[Black "Anton Guijarro, David"]
[BlackFideId "2285525"]
[WhiteElo "2486"]
[BlackElo "2952"]
[Result "0-1"]
[Round "1"]
[TimeControl "180+2"]
[Date "2023.07.25"]
[WhiteClock "0:00:03"]
[BlackClock "0:00:37"]
[Board "23"]

1. e4 c6 2. c4 d5 3. cxd5 cxd5 4. exd5 Nf6 5. Qa4+ Nbd7 6. Nc3 g6 7. Nf3 Bg7 8. Bc4 O-O 9. d3 a6 10. Qa3 Nb6 11. Qb3 Bg4 12. Ne5 Bf5 13. Be3 Nxc4 14. dxc4 Ne4 15. Nxe4 Bxe4 16. f3 Bxd5 17. cxd5 Bxe5 18. O-O Qd7 19. Rac1 Rfc8 20. Rxc8+ Rxc8 21. Rc1 Rxc1+ 22. Bxc1 Qc7 23. Be3 Bxh2+ 24. Kf1 Be5 25. Ke2 h5 26. Kd3 Qd7 27. Bd4 Bxd4 28. Kxd4 e6 29. Ke5 exd5 30. Qxd5 Qe7+ 31. Kd4 Qb4+ 32. Ke3 Qxb2 33. g4 Qb6+ 34. Kf4 Qc7+ 35. Kg5 Qe7+ 36. Kf4 h4 37. g5 Qc7+ 38. Ke4 Qc6 39. Qxc6 bxc6 40. Kf4 c5 41. Kg4 c4 0-1


[Site "https://www.chess.com"]

[Event "Titled Tuesday Blitz July 25 Early 2023"]
[White "Kovalev, Vladislav"]
[Black "Mmukka"]
[WhiteFideId "13504398"]
[WhiteElo "2948"]
[BlackElo "2485"]
[Result "1-0"]
[Round "1"]
[TimeControl "180+2"]
[Date "2023.07.25"]
[WhiteClock "0:00:17"]
[BlackClock "0:00:23"]
[Board "24"]

1. e4 c5 2. Nf3 e6 3. c3 d5 4. exd5 Qxd5 5. d4 Nf6 6. Na3 Nc6 7. Nb5 Qd8 8. dxc5 Bxc5 9. Qxd8+ Kxd8 10. Bf4 Ne4 11. Rd1+ Ke7 12. Nbd4 Nxd4 13. Nxd4 Rd8 14. Bd3 Nf6 15. Nb3 Bd6 16. Bxd6+ Rxd6 17. Be2 Rxd1+ 18. Bxd1 b6 19. Bf3 Rb8 20. Ke2 Bb7 21. Nd4 Bxf3+ 22. Kxf3 Rc8 23. Rd1 g6 24. Ke2 Nd5 25. g3 h5 26. h4 Nf6 27. Rd3 Nd7 28. b3 e5 29. Nb5 a6 30. Nd6 Rc6 31. Ne4 f5 32. Ng5 e4 33. Re3 Kf6 34. f3 exf3+ 35. Nxf3 Re6 36. c4 Nc5 37. Rxe6+ Kxe6 38. Ke3 Ne4 39. Kf4 Kf6 40. Ne5 Nxg3 41. Nd7+ Ke7 42. Nxb6 Ne2+ 43. Kg5 f4 44. Nd5+ Kd6 45. Nxf4 Ng3 46. Kxg6 Ke5 47. Nxh5 Nf5 48. Kg5 Nd4 49. Ng3 Nf3+ 50. Kg4 Nd4 51. h5 Ne6 52. h6 Kf6 53. Nh5+ Kg6 54. Nf4+ Nxf4 55. Kxf4 Kxh6 56. Ke5 Kg6 57. Kd6 Kf7 58. Kc6 Ke8 59. Kb6 Kd7 60. Kxa6 Kc7 61. Kb5 1-0


[Site "https://www.chess.com"]

[Event "Titled Tuesday Blitz July 25 Early 2023"]
[White "Salman, Pavel"]
[Black "Maghsoodloo, Parham"]
[WhiteFideId "24153753"]
[BlackFideId "12539929"]
[WhiteElo "2483"]
[BlackElo "2947"]
[Result "0-1"]
[Round "1"]
[TimeControl "180+2"]
[Date "2023.07.25"]
[WhiteClock "0:00:22"]
[BlackClock "0:01:20"]
[Board "25"]

1. d4 Nf6 2. Nc3 d5 3. Bf4 a6 4. e3 Bf5 5. Nf3 e6 6. Nh4 Bg6 7. Nxg6 hxg6 8. h3 Bd6 9. Bd3 Bxf4 10. exf4 c5 11. dxc5 Qa5 12. Qd2 Qxc5 13. O-O-O Nc6 14. Rhe1 O-O 15. g4 Nb4 16. f5 gxf5 17. gxf5 d4 18. Ne4 Nxd3+ 19. Qxd3 Qxf5 20. Nxf6+ Qxf6 21. Qxd4 Qg5+ 22. Qe3 Qh4 23. Rd4 Qe7 24. Rg1 f5 25. Qe5 Qf6 26. Qxf6 Rxf6 27. Rd7 Rf7 28. Rgd1 Raf8 29. f4 Kh7 30. R1d6 g5 31. fxg5 Rxd7 32. Rxd7+ Kg6 33. h4 f4 34. Kd1 e5 35. Ke2 e4 36. Rxb7 f3+ 37. Kf2 e3+ 38. Kxe3 f2 39. Rb6+ Kh5 40. Rf6 Rxf6 0-1


[Site "https://www.chess.com"]

[Event "Titled Tuesday Blitz July 25 Early 2023"]
[White "Kirillov, Dmitry"]
[Black "Ibarra Jerez, Jose Carlos"]
[WhiteFideId "34180572"]
[BlackFideId "2226332"]
[WhiteElo "2483"]
[BlackElo "2944"]
[Result "0-1"]
[Round "1"]
[TimeControl "180+2"]
[Date "2023.07.25"]
[WhiteClock "0:00:11"]
[BlackClock "0:00:19"]
[Board "27"]

1. Nf3 d6 2. d4 Nf6 3. g3 g6 4. Bg2 Bg7 5. O-O O-O 6. c4 Bf5 7. Nc3 Ne4 8. Nh4 Nxc3 9. bxc3 Bc8 10. h3 c5 11. d5 Bxc3 12. Bh6 Bg7 13. Bxg7 Kxg7 14. Qb3 Nd7 15. Qc3+ Nf6 16. e4 e5 17. f4 Re8 18. fxe5 Rxe5 19. Nf3 Rxe4 20. Ng5 Re5 21. Nf3 Re2 22. Ng5 Qe7 23. Nxh7 Kxh7 24. Rxf6 Bf5 25. g4 Re5 26. g5 Re8 27. Qg3 Kg7 28. Kh2 Rh8 29. Rf1 Rh5 30. h4 Re2 31. Kg1 Re3 32. Qxd6 Qxd6 33. Rxd6 Rxh4 34. Rd8 Rxc4 35. d6 b6 36. d7 Rd4 37. Re8 Red3 38. Bc6 Bxd7 39. Re7 Rg4+ 40. Bg2 Bf5 41. Kh2 Rxg5 42. Bc6 Rh3# 0-1


[Site "https://www.chess.com"]